 Dungeon Crawl Stone Soup version 0.26-a0-710-g95a0c6c400 (webtiles) character file.

Game seed: 17669811162744499058

76134 robertstho the Severer (level 15, -6/139 HPs)
             Began as a Minotaur Berserker on Oct 30, 2020.
             Was the Champion of Trog.
             Mangled by an ogre
             ... wielding a +0 giant spiked club
              (10 damage)
             ... while paralysed by an ogre mage
             ... on level 2 of the Orcish Mines.
             The game lasted 00:28:24 (21143 turns).

robertstho the Severer (Minotaur Berserker)        Turns: 21143, Time: 00:28:25

Health: -6/139     AC: 26    Str: 32    XL:     15   Next: 11%
Magic:  0/14       EV:  2    Int: 14    God:    Trog [******]
Gold:   1288       SH:  0    Dex: 12    Spells: 14/14 levels left

rFire    . . .     SeeInvis +   r - +3 war axe "Wonderful Newtslayer" {flame, Str+4 Int+3 Dex-5}
rCold    . . .     Faith    .   l - +0 tower shield
rNeg     . . .     Spirit   +   D - +7 chain mail of Terch {Str+2 Int+6}
rPois    .         Reflect  .   t - +2 hat
rElec    .         Harm     .   g - scarf {shadows}
rCorr    .         Rampage  .   Y - +0 pair of gloves
MR       +....                  X - +2 pair of boots
Stlth    ..........             n - amulet of guardian spirit
HPRegen  0.33/turn              B - ring of see invisible
MPRegen  0.14/turn              d - +6 ring of dexterity

@: paralysed
A: retaliatory headbutt, horns 2
a: Berserk, Trog's Hand, Brothers in Arms, Renounce Religion


You were on level 2 of the Orcish Mines.
You worshipped Trog.
Trog was exalted by your worship.
You visited 3 branches of the dungeon, and saw 21 of its levels.
You also visited: Ossuary.

You collected 1785 gold pieces.
You spent 497 gold pieces at shops.

Inventory:

Hand Weapons
 r - the +3 war axe "Wonderful Newtslayer" (weapon) {flame, Str+4 Int+3 Dex-5}
   (Trog gifted it to you on level 4 of the Lair of Beasts)

   It has been specially enchanted to burn those struck by it, causing extra
   injury to most foes and up to half again as much damage against particularly
   susceptible opponents.
   Big, fiery blades are also staple armaments of hydra-hunters.
   It affects your strength (+4).
   It affects your intelligence (+3).
   It affects your dexterity (-5).
 L - a +3 antimagic broad axe
Missiles
 y - 6 curare-tipped darts (quivered)
Armour
 g - a scarf of shadows (worn)
 l - a +0 tower shield (worn)
 t - a +2 hat (worn)
 u - a +0 chain mail of cold resistance
 D - the +7 chain mail of Terch (worn) {Str+2 Int+6}
   (You took it off an orc on level 5 of the Dungeon)

   It affects your strength (+2).
   It affects your intelligence (+6).
 X - a +2 pair of boots (worn)
 Y - a +0 pair of gloves (worn)
Jewellery
 d - a +6 ring of dexterity (right hand)
 n - an amulet of guardian spirit (around neck)
 o - an uncursed ring of ice
 B - a ring of see invisible (left hand)
 Q - an uncursed ring of fire
 T - an uncursed ring of fire
 U - an uncursed ring of poison resistance
 W - an uncursed ring of positive energy
Wands
 e - a wand of digging (12)
 F - a wand of iceblast (38)
 P - a wand of disintegration (8)
 V - a wand of acid (19)
Scrolls
 f - 5 scrolls of enchant armour
 i - 6 scrolls of remove curse
 j - 6 scrolls of teleportation {unknown}
 m - 4 scrolls of magic mapping
 q - 2 scrolls of enchant weapon {unknown}
 s - 6 scrolls of fear {unknown}
 v - 2 scrolls of amnesia {unknown}
 x - a scroll of noise {unknown}
 A - a scroll of blinking {unknown}
 G - a scroll of acquirement {unknown}
 J - a scroll of vulnerability {unknown}
 N - a scroll of immolation
 R - a scroll of summoning
 Z - 2 scrolls of fog {unknown}
Potions
 a - 5 potions of might
 b - 6 potions of resistance
 c - 7 potions of curing
 h - 2 potions of haste {unknown}
 k - 3 potions of cancellation
 w - 8 potions of heal wounds
 C - 2 potions of magic
 E - 2 potions of stabbing
 H - 2 potions of invisibility
 M - 5 potions of ambrosia
 O - 3 potions of mutation
 S - 4 potions of flight
Miscellaneous
 p - a condenser vane (2/2)
 z - a box of beasts (3/3)
 I - a lightning rod (4/4)
 K - a tin of tremorstones (3/3)


   Skills:
 * Level 14.8 Fighting
 * Level 18.8(18.9) Axes
   Level 2.2(12.9) Maces & Flails
 * Level 13.1 Armour
 * Level 11.3 Dodging
 + Level 1.2 Stealth
 + Level 10.4 Shields


You had 14 spell levels left.
You didn't know any spells.
Your spell library was empty.

Dungeon Overview and Level Annotations

Branches:
Dungeon (13/15)            Temple (0/1) D:4            Lair (6/6) D:10
  Swamp (0/4) Lair:2        Snake (0/4) Lair:2        Slime (0/5) Lair:6
    Orc (2/2) D:9             Elf (0/3) Orc:2       Ossuary (visited)
 Vaults: D:13-14

Altars:
Ashenzari
Cheibriados
Dithmenos
Fedhas
Nemelex Xobeh
Okawaru
Trog
Uskayaw
Vehumet
Wu Jian
Xom
The Shining One
Beogh

Shops:
D:9 *   D:11 !   D:12 (

Portals:
Trove: D:10 (give 3 potions of resistance)

Annotations:
D:7 2 runed translucent doors
D:11 3 runed translucent doors, Maimakterion's ghost, journeyman TeCj
Lair:2 exclusion: 3 oklob plants
Lair:6 3 runed translucent doors, Maimakterion's ghost, journeyman DDWr
Orc:1 1 transporter


Innate Abilities, Weirdness & Mutations

You reflexively headbutt those who attack you in melee.
You have a pair of horns on your head.


Message History

The ogre hits you but does no damage.
The ogre mage hits you but does no damage.
The ogre hits you with a +0 giant spiked club.
* * * LOW HITPOINT WARNING * * *
The troll bites you but does no damage. The troll claws you but does no damage.
The troll claws you.
* * * LOW HITPOINT WARNING * * *
The ogre hits you with a +0 giant club!
* * * LOW HITPOINT WARNING * * *
The ogre mage hits you but does no damage.
An ogre comes into view. It is wielding a +0 giant club.
The ogre hits you but does no damage.
The ogre mage hits you but does no damage.
The ogre hits you with a +0 giant club!
* * * LOW HITPOINT WARNING * * *
The troll bites you but does no damage.
The troll claws you but does no damage. x2
The ogre shouts!
You hear a shout! x3
The ogre mage hits you but does no damage.
The ogre hits you with a +0 giant spiked club!
You die...

### ##..## ###
#....###.### ##
#....#...)#####.##
###.#...))).#....#
##.##..#...)().#
###......###.#O@##
##.......##
###OTO.#
#........#
#........
.#.......#
##........
..........#
#..###...
.#.....#.## ....
... .##.....##
#... O. ..##.#.##
...#####


You could see an ogre mage (fast), a troll and 3 ogres.

Vanquished Creatures
  A fire giant (D:11)
  A stone giant (Orc:1)
  Snorg (D:10)
  Harold (D:10)
  Fannar (Lair:1)
  9 hydras
  A boulder beetle (D:13)
  A centaur warrior (D:13)
  13 death yaks
  6 two-headed ogres
  Urug (Lair:1)
  3 unseen horrors
  A deep troll (Orc:2)
  3 orc knights
  The ghost of timneilson the Protected, a novice GrFi of Okawaru (D:10)
  2 deep elf magi
  A manticore (D:12)
  A black mamba (Lair:2)
  A moth of wrath (D:10)
  11 elephants
  3 cyclopes
  A torpor snail (Lair:2)
  An eye of devastation (Lair:6)
  A centaur skeleton (D:13)
  2 rime drakes
  A rime drake (shapeshifter) (D:13)
  18 cane toads
  2 kobold demonologists (D:12)
  10 komodo dragons
  13 trolls
  A queen bee (D:9)
  20 blink frogs
  3 tyrant leeches (Lair:6)
  Prince Ribbit (D:6)
  3 slime creatures (D:12)
  A vampire (D:13)
  3 shadows
  Sigmund (D:4)
  2 fire bats (Lair:4)
  48 yaks
  Eustachio (D:6)
  2 wyverns
  4 basilisks
  Edmund (D:4)
  A naga (Lair:2)
  6 vampire mosquitoes (Lair:6)
  3 wargs (Orc:1)
  8 water moccasins
  Duvessa (D:6)
  The ghost of mobtown the Dealer of Despair, an amateur DENe of Kikubaaqudgha (D:5)
  17 orc warriors
  3 sky beasts
  3 ice beasts
  11 ogres
  A black bear (D:10)
  2 necrophages
  An eye of draining (Lair:6)
  2 phantoms
  10 wolves
  9 centaurs
  31 bullfrogs
  A big kobold (D:12)
  A wyvern zombie (D:13)
  Dowan (D:6)
  6 scorpions
  17 killer bees (D:9)
  13 wights
  6 howler monkeys
  8 electric eels
  A centaur zombie (D:11)
  11 hounds
  A human zombie (Ossuary)
  2 bullfrog zombies
  2 bullfrog skeletons
  2 gnoll shamans
  A jelly (D:7)
  15 orc priests
  10 orc wizards
  8 hell rats
  5 iguanas
  Ijyb (D:5)
  Natasha (D:2)
  18 worker ants
  2 big kobold zombies (Ossuary)
  A hound skeleton (D:3)
  2 mummies (Ossuary)
  A worker ant zombie (D:5)
  2 howler monkey skeletons
  19 gnolls
  11 adders
  2 white imps
  An ufetubus (D:10)
  An ooze (D:1)
  2 adder zombies (Ossuary)
  4 worms
  A dart slug (D:1)
  3 leopard geckos
  60 orcs
  2 giant cockroaches (D:1)
  13 hobgoblins
  20 jackals
  14 kobolds
  3 quokkas
  A ball python (D:4)
  6 bats
  2 frilled lizards
  6 goblins
  9 hobgoblin zombies (Ossuary)
  2 jackal zombies (Ossuary)
  11 kobold zombies (Ossuary)
  10 orc zombies (Ossuary)
  5 rats
660 creatures vanquished.

Vanquished Creatures (collateral kills)
  Sonja (D:11)
1 creature vanquished.

Vanquished Creatures (others)
  An unseen horror (D:13)
  16 fungi
  80 plants
97 creatures vanquished.

Grand Total: 758 creatures vanquished

Notes
Turn   | Place    | Note
-------+----------+-------------------------------------------
     0 | D:1      | robertstho the Minotaur Berserker began the quest for the
                  | Orb.
     0 | D:1      | Reached XP level 1. HP: 19/19 MP: 0/0
    57 | D:1      | Reached skill level 4 in Axes
    57 | D:1      | Reached XP level 2. HP: 24/27 MP: 1/1
   446 | D:1      | Reached XP level 3. HP: 24/33 MP: 2/2
   721 | D:1      | Reached ** piety under Trog
  1048 | D:2      | Noticed Natasha
  1055 | D:2      | Killed Natasha
  1055 | D:2      | Reached XP level 4. HP: 23/41 MP: 3/3
  1716 | D:3      | Reached skill level 5 in Axes
  1831 | D:3      | Reached XP level 5. HP: 43/47 MP: 4/4
  1846 | D:3      | Noticed a centaur
  1854 | D:3      | Killed a centaur
  2260 | D:3      | Reached *** piety under Trog
  2568 | D:3      | Reached skill level 5 in Fighting
  2861 | D:4      | Reached XP level 6. HP: 56/56 MP: 5/5
  2893 | D:4      | Noticed Edmund
  2897 | D:4      | Killed Edmund
  2897 | D:4      | Reached skill level 6 in Axes
  2903 | D:4      | Got a glimmering mace
  2903 | D:4      | Lost intelligence.
  2903 | D:4      | Identified the +9 mace "Ogre's Death Toll" {venom, Str+3
                  | Int-5 Dex+5 Stlth+} (You found it on level 4 of the
                  | Dungeon)
  2908 | D:4      | Noticed a wyvern
  2923 | D:4      | Killed a wyvern
  2923 | D:4      | Reached XP level 7. HP: 16/61 MP: 3/6
  2950 | D:4      | Reached skill level 7 in Axes
  3246 | D:4      | Noticed Sigmund
  3258 | D:4      | Killed Sigmund
  3258 | D:4      | Reached skill level 5 in Armour
  3259 | D:4      | Found a staircase to the Ecumenical Temple.
  3855 | D:4      | Reached skill level 8 in Axes
  3855 | D:4      | Reached XP level 8. HP: 67/71 MP: 7/7
  4120 | D:5      | Entered Level 5 of the Dungeon
  4220 | D:5      | Found a runed translucent gate.
  4221 | D:5      | Found a runed translucent gate.
  4221 | D:5      | Found a runed translucent gate.
  4221 | D:5      | Noticed mobtown's ghost (amateur DENe)
  4222 | D:5      | You fall into a shaft and drop 2 floors!
  4239 | D:6      | Found an iron altar of Okawaru.
  4373 | D:6      | Noticed Eustachio
  4387 | D:6      | Reached skill level 5 in Dodging
  4401 | D:6      | Reached **** piety under Trog
  4412 | D:6      | Killed Eustachio
  4412 | D:6      | Reached skill level 9 in Axes
  4516 | D:6      | Noticed a two-headed ogre
  4523 | D:6      | Killed a two-headed ogre
  4523 | D:6      | Reached XP level 9. HP: 79/79 MP: 8/8
  4599 | D:6      | Found a broken altar of Ashenzari.
  4604 | D:6      | Noticed Prince Ribbit
  4616 | D:6      | Reached skill level 10 in Axes
  4629 | D:6      | Killed Prince Ribbit
  4966 | D:6      | Noticed Duvessa
  4966 | D:6      | Noticed Dowan
  4978 | D:6      | Killed Duvessa
  4981 | D:6      | Killed Dowan
  5403 | D:5      | Noticed Ijyb
  5414 | D:5      | Killed Ijyb
  5505 | D:5      | Identified the +7 chain mail of Terch {Str+2 Int+6}
  5775 | D:5      | Found an ornate altar of the Wu Jian Council.
  5776 | D:5      | Found a shadowy altar of Dithmenos.
  5777 | D:5      | Found a radiant altar of Vehumet.
  5778 | D:5      | Found a glowing golden altar of the Shining One.
  5782 | D:5      | Found a shimmering altar of Xom.
  5962 | D:5      | Found a hide-covered altar of Uskayaw.
  6336 | D:5      | Killed mobtown's ghost
  6336 | D:5      | Reached skill level 1 in Shields
  6546 | D:5      | Found a roughly hewn altar of Beogh.
  6950 | D:7      | Reached skill level 11 in Axes
  6968 | D:7      | Reached ***** piety under Trog
  7062 | D:7      | Found a runed translucent door.
  7075 | D:7      | Found a runed translucent door.
  7084 | D:7      | Found a blossoming altar of Fedhas.
  7158 | D:7      | Found a sparkling altar of Nemelex Xobeh.
  7291 | D:8      | Reached XP level 10. HP: 90/90 MP: 9/9
  7489 | D:8      | Found a sand-covered staircase.
  7505 | Ossuary  | Entered an ossuary
  7811 | D:9      | Found Efaddea's Changing Room.
  7891 | D:9      | Bought a potion of lignification for 33 gold pieces
  7931 | D:9      | Found a staircase to the Orcish Mines.
  8243 | D:9      | Reached skill level 12 in Axes
  8335 | D:9      | Received a gift from Trog
  8363 | D:9      | Noticed a two-headed ogre
  8371 | D:9      | Killed a two-headed ogre
  9159 | D:10     | Entered Level 10 of the Dungeon
  9181 | D:10     | Found a transporter.
  9195 | D:10     | Noticed timneilson's ghost (novice GrFi)
  9200 | D:10     | Noticed a cyclops
  9207 | D:10     | Noticed a moth of wrath
  9213 | D:10     | Noticed an unseen horror
  9222 | D:10     | Killed an unseen horror
  9222 | D:10     | Reached XP level 11. HP: 85/98 MP: 10/10
  9225 | D:10     | Reached skill level 13 in Axes
  9255 | D:10     | Got a bloodstained plate armour
  9286 | D:10     | Identified the +4 plate armour "Waopeeg" {Str+7} (You found
                  | it on level 10 of the Dungeon)
  9428 | D:10     | Found a staircase to the Lair.
  9477 | D:10     | Noticed Snorg
  9488 | D:10     | Killed Snorg
  9488 | D:10     | Reached skill level 5 in Shields
  9543 | D:10     | Noticed Harold
  9549 | D:10     | Reached skill level 10 in Fighting
  9551 | D:10     | Killed Harold
  9915 | D:10     | Found a portal to a secret trove of treasure.
  9981 | D:10     | Found a transporter.
 10102 | D:10     | Killed timneilson's ghost
 10110 | D:10     | Found a bloodstained altar of Trog.
 10145 | D:11     | Noticed Sonja
 10152 | D:11     | Killed Sonja
 10152 | D:11     | Reached skill level 14 in Axes
 10309 | D:11     | Reached skill level 10 in Armour
 10562 | D:11     | Noticed a fire giant
 10616 | D:11     | Found Luonem's Distillery.
 10619 | D:11     | Bought a potion of curing for 48 gold pieces
 10619 | D:11     | Bought a potion of stabbing for 64 gold pieces
 10619 | D:11     | Bought a potion of mutation for 128 gold pieces
 10619 | D:11     | Bought a potion of curing for 48 gold pieces
 10619 | D:11     | Bought a potion of might for 64 gold pieces
 10619 | D:11     | Bought a potion of flight for 48 gold pieces
 10619 | D:11     | Bought a potion of brilliance for 64 gold pieces
 10726 | D:11     | Received a gift from Trog
 10751 | D:11     | Found a runed translucent gate.
 10751 | D:11     | Found a runed translucent gate.
 10751 | D:11     | Found a runed translucent gate.
 10830 | D:11     | Got an ichor-stained cloak
 10840 | D:11     | Identified the cursed -1 cloak of the Hills {Int+5 Dex-2}
                  | (You found it on level 11 of the Dungeon)
 10875 | D:11     | Noticed Maimakterion's ghost (journeyman TeCj)
 10979 | D:11     | Killed a fire giant
 10979 | D:11     | Reached XP level 12. HP: 49/107 MP: 2/11
 11406 | D:12     | Reached skill level 15 in Axes
 11815 | D:12     | Noticed a five-headed hydra
 11830 | D:12     | Killed a five-headed hydra
 11937 | D:12     | Found Xokka's Antique Weapon Shoppe.
 12044 | D:12     | Identified the Disquisition on Shifting Venom
 12118 | D:12     | Reached skill level 1 in Maces & Flails
 12375 | D:13     | Noticed a boulder beetle
 12386 | D:13     | Killed a boulder beetle
 12386 | D:13     | Reached skill level 1 in Stealth
 12631 | D:13     | Reached ****** piety under Trog
 12631 | D:13     | Reached skill level 16 in Axes
 12744 | D:13     | Noticed a centaur warrior
 12763 | D:13     | Killed a centaur warrior
 13446 | Lair:1   | Entered Level 1 of the Lair of Beasts
 13578 | Lair:1   | Noticed Urug
 13599 | Lair:1   | Killed Urug
 13599 | Lair:1   | Reached XP level 13. HP: 118/118 MP: 4/12
 13724 | Lair:1   | Noticed Fannar
 13733 | Lair:1   | Killed Fannar
 13818 | Lair:1   | Received a gift from Trog
 14811 | Lair:2   | Found a staircase to the Snake Pit.
 14941 | Lair:2   | Found a staircase to the Swamp.
 15872 | Lair:3   | Reached skill level 17 in Axes
 16656 | Lair:4   | Received a gift from Trog
 16660 | Lair:4   | Reached skill level 10 in Dodging
 16667 | Lair:4   | Got a twisted war axe {god gift}
 16667 | Lair:4   | Identified the +3 war axe "Wonderful Newtslayer" {flame,
                  | Str+4 Int+3 Dex-5} (Trog gifted it to you on level 4 of the
                  | Lair of Beasts)
 18328 | Lair:6   | Entered Level 6 of the Lair of Beasts
 18344 | Lair:6   | Reached XP level 14. HP: 102/129 MP: 10/13
 18636 | Lair:6   | Received a gift from Trog
 18715 | Lair:6   | Reached skill level 18 in Axes
 19174 | Lair:6   | Found a staircase to the Slime Pits.
 19564 | Lair:6   | Reached skill level 10 in Shields
 19794 | Lair:6   | Found a runed translucent gate.
 19795 | Lair:6   | Found a runed translucent gate.
 19796 | Lair:6   | Found a runed translucent gate.
 19797 | Lair:6   | Noticed Maimakterion's ghost (journeyman DDWr)
 19983 | Lair:6   | Found a snail-covered altar of Cheibriados.
 20276 | Orc:1    | Entered Level 1 of the Orcish Mines
 20307 | Orc:1    | Noticed a stone giant
 20323 | Orc:1    | Killed a stone giant
 20471 | Orc:1    | Found a transporter.
 20605 | Orc:2    | Entered Level 2 of the Orcish Mines
 20697 | Orc:2    | Found a staircase to the Elven Halls.
 20700 | Orc:2    | Received a gift from Trog
 21102 | Orc:2    | Reached XP level 15. HP: 108/139 MP: 12/14
 21137 | Orc:2    | Paralysed by an ogre mage for 6 turns
 21142 | Orc:2    | HP: 4/139 [ogre/+0 giant club (10)]
 21143 | Orc:2    | Mangled by an ogre

Illustrated notes

Levels and vault maps discovered:
D:1:      grunt_arrival_lava_bath, layout_rooms, hangedman_decor_push
D:2:      layout_rooms, uniq_natasha
D:3:      layout_loops_corners
D:4:      layout_basic, minmay_temple_entry_wispy, uniq_edmund, uniq_sigmund
D:5:      layout_loops_ring, marbit_many_paths, minitemple,
          biasface_ghost_orc_armoury, uniq_ijyb
D:6:      layout_basic, basic_altar, okawaru_gym_becter, uniq_prince_ribbit1,
          uniq_duvessa, uniq_eustachio
D:7:      lemuel_insect_pit, layout_gridville, fedhas_altar_1,
          nicolae_overflow_crystal_walls
D:8:      layout_basic, nicolae_ossuary_entry_ruins
D:9:      layout_loops_corners, orc_0_dummy, nicolae_transmutations_shop,
          minivault_7
D:10:     layout_cave_pools, erik_lair_island,
          gammafunk_ghost_wrathful_warriors, nicolae_trove_entry_diagonal,
          chequers_serial_rivers_micro_b, uniq_snorg, uniq_harold
D:11:     layout_long_grid, serial_shops, nicolae_shop_behind_doors,
          gammafunk_ghost_necromancy, kennysheep_island_fort, uniq_sonja
D:12:     layout_loops_ring, serial_shops, shop_fountains
D:13:     layout_basic
Lair:1:   beast_lair_carwin_large_2, layout_regular_city,
          chequers_serial_rivers_small_a, serial_bayou_shore_a, uniq_urug,
          uniq_fannar
Lair:2:   layout_small_grid, swamp_mist, guppyfry_snake_entry_garden,
          minmay_lair_oklob_chamber, lemuel_fruit_tree, grunt_megastairs_1
Lair:3:   layout_gridlike
Lair:4:   layout_gridlike, beast_lair_carwin_4
Lair:5:   layout_cave_pods, chequers_serial_rivers_room_b
Lair:6:   minmay_lair_end_frog_pond, layout_gridlike, minmay_slime_entry_eyes,
          gammafunk_ghost_ooze, lemuel_centaur_altar
Orc:1:    emtedronai_trogs_sanctum, layout_diamond_mine
Orc:2:    st_orc_open, layout_caves

Skill      XL: |  1  2  3  4  5  6  7  8  9 10 11 12 13 14 |
---------------+-------------------------------------------+-----
Axes           | 4 5 6 8 9 11 12 14 16 17 18 | 18.8
Fighting       | 4 5 6 7 8 9 10 12 13 14 | 14.8
Armour         | 3 4 5 7 8 9 10 11 12 13 | 13.1
Dodging        | 3 4 5 6 7 8 9 10 11 | 11.3
Shields        | 2 4 5 7 8 10 | 10.4
Maces & Flails | 1 2 |  2.2
Stealth        | 1 |  1.2

Action                   |  1- 3 |  4- 6 |  7- 9 | 10-12 | 13-15 || total
-------------------------+-------+-------+-------+-------+-------++-------
Melee: Hand axe          |    58 |    73 |   306 |       |       ||   437
       Headbutt          |    14 |    16 |    73 |   111 |   172 ||   386
       War axe           |       |       |    45 |   176 |   485 ||   706
       Broad axe         |       |       |       |   366 |   190 ||   556
       Demon whip        |       |       |       |    10 |    14 ||    24
Invok: Berserk           |     2 |     2 |     6 |     8 |     3 ||    21
       Trog's Hand       |       |     1 |       |       |       ||     1
       Brothers in Arms  |       |       |       |     1 |       ||     1
  Use: Scroll            |       |     4 |     4 |     7 |     3 ||    18
       Potion            |       |     3 |       |     1 |       ||     4
Armor: Animal skin       |     9 |     1 |       |       |       ||    10
       Scale mail        |       |    21 |    36 |       |       ||    57
       Chain mail        |       |       |   106 |   228 |   285 ||   619
       Skin              |       |       |     1 |       |       ||     1
Dodge: Dodged            |    39 |    59 |   148 |   120 |   167 ||   533
Block: Tower shield      |       |       |    96 |   445 |   563 ||  1104

Table legend: (Time is in decaauts)
 A = Elapsed time spent in this place.
 B = Non-inter-level travel time spent in this place.
 C = Inter-level travel time spent in this place.
 D = Time resting spent in this place.
 E = Time spent auto-exploring this place.
 F = Levels seen in this place.
 G = Mean time per level.
                   A        B        C        D        E       F      G
               +--------+--------+--------+--------+--------+-----+--------+
         Total |  21264 |  20510 |    754 |    334 |  16774 |  22 |  966.5 |
       Dungeon |  13465 |  12950 |    515 |    334 |  10452 |  13 | 1035.8 |
          Lair |   6779 |   6549 |    230 |      0 |   5651 |   6 | 1129.8 |
  Orcish Mines |    832 |    824 |      8 |      0 |    584 |   2 |  416.0 |
       Ossuary |    186 |    186 |      0 |      0 |     87 |   1 |  186.0 |
               +--------+--------+--------+--------+--------+-----+--------+

Top non-repeatable levels by time:
  Lair:6: 1816 daAuts
     D:9: 1410 daAuts
     D:5: 1371 daAuts
     D:4: 1342 daAuts
    D:12: 1298 daAuts
    D:11: 1274 daAuts
  Lair:2: 1191 daAuts
     D:6: 1161 daAuts
     D:3: 1151 daAuts
    D:10: 1054 daAuts
  Lair:1: 1050 daAuts
  Lair:3: 982 daAuts
     D:2: 877 daAuts
  Lair:5: 874 daAuts
  Lair:4: 864 daAuts
